 Dungeon Crawl Stone Soup version 0.26-a0-670-g578ab304f5 (webtiles) character file.

Game seed: 12518465641815266719

(classic levelgen) 123 EnegeticOcto the Digger (level 5, -5/31 HPs)
             Began as a Halfling Earth Elementalist on Oct 19, 2020.
             Was a Plaything of Xom.
             Slain by an iguana (7 damage)
             ... on level 4 of the Dungeon.
             The game lasted 00:05:50 (734 turns).

EnegeticOcto the Digger (HaEE)                       Turns: 734, Time: 00:05:51

Health: -5/31      AC:  3    Str:  9    XL:     5   Next: 29%
Magic:  2/7        EV: 15    Int: 14    God:    Xom [..*...]
Gold:   88         SH:  0    Dex: 15    Spells: 3/7 levels left

rFire    . . .     SeeInvis .   g - +0 hunting sling
rCold    . . .     Faith    .   (shield restricted)
rNeg     . . .     Spirit   .   c - +0 robe
rPois    .         Reflect  .   h - +0 helmet
rElec    .         Harm     .   (no cloak)
rCorr    .         Rampage  .   (no gloves)
MR       .....                  (no boots)
Stlth    ++........             (no amulet)
HPRegen  0.10/turn              (no ring)
MPRegen  0.10/turn              (no ring)

@: no status effects
A: small, mutation resistance 1
a: Renounce Religion


You were on level 4 of the Dungeon.
You worshipped Xom.
You were a toy of Xom.
You visited 2 branches of the dungeon, and saw 5 of its levels.

You collected 88 gold pieces.

Inventory:

Hand Weapons
 a - a +0 war axe
 g - a +0 hunting sling (weapon)
 k - a +0 falchion
Missiles
 b - 107 stones (quivered)
Armour
 c - a +0 robe (worn)
 h - a +0 helmet (worn)
Scrolls
 e - a scroll of fog {unknown}
 j - a scroll of remove curse {unknown}
Potions
 f - 2 potions of curing {@q1 !q}
 i - a potion of mutation


   Skills:
 - Level 2.1 Dodging
 - Level 2.1 Stealth
 - Level 1.5 Spellcasting
 - Level 0.5 Transmutations
 + Level 5.6 Earth Magic


You had 3 spell levels left.
You knew the following spells:

 Your Spells              Type           Power        Failure   Level
a - Sandblast             Erth           ###...       2%          1
b - Apportation           Tloc           #.....       26%         1
p - Passwall              Tmut/Erth      #.......     11%         2

Your spell library contained the following spells:

 Spells                   Type           Power        Failure   Level
 Stone Arrow              Conj/Erth      #.....       24%         3
 Animate Skeleton         Necr           #.....       26%         1
 Corona                   Hex            #......      26%         1
 Summon Small Mammal      Summ           #...         26%         1
 Petrify                  Tmut/Erth      #.......     56%         4
 Lee's Rapid Deconstruct  Erth           ###.......   56%         5


Dungeon Overview and Level Annotations

Branches:
Dungeon (4/15)             Temple (1/1) D:4

Altars:
Ashenzari
Elyvilon
Fedhas
Gozag
Kikubaaqudgha
Makhleb
Okawaru
Uskayaw
Vehumet
Wu Jian
Xom
Yredelemnul
The Shining One


Innate Abilities, Weirdness & Mutations

You are small and have problems with some larger weapons.
You are somewhat resistant to further mutation.


Message History

You throw a poisoned dart.
The poisoned dart hits the frilled lizard.
The frilled lizard is poisoned.
Throwing (i - inventory. (/) - cycle)
d - 9 poisoned darts (quivered)
Press: ? - help, Shift-Dir - straight line, f - frilled lizard
Aim: a frilled lizard (poisoned)
You throw a poisoned dart.
The poisoned dart misses the frilled lizard.
The poisoned dart hits the worker ant.
The worker ant is heavily wounded.
Throwing (i - inventory. (/) - cycle)
d - 8 poisoned darts (quivered)
Press: ? - help, Shift-Dir - straight line, f/p - frilled lizard
Aim: a frilled lizard (heavily wounded, poisoned)
You throw a poisoned dart.
The poisoned dart misses the frilled lizard.
The poisoned dart closely misses the worker ant.
You kill the frilled lizard!
Throwing (i - inventory. (/) - cycle)
d - 7 poisoned darts (quivered)
Press: ? - help, Shift-Dir - straight line, f - worker ant
Aim: a worker ant (severely wounded, poisoned)
You throw a poisoned dart. The poisoned dart hits the worker ant.
The worker ant is severely wounded.
Casting: Sandblast (safe; 2% risk of failure)
Confirm with . or Enter, or press ? or * to list all spells.
Aiming: Sandblast (safe; 2% risk of failure)
Press: ? - help, Shift-Dir - straight line, f/p - worker ant
Aim: a worker ant (almost dead, poisoned)
The blast of sand hits the worker ant.
You kill the worker ant!
b - 111 stones You see here a worker ant corpse.
You see here a poisoned dart.
Throwing (i - inventory. (/) - cycle)
d - 6 poisoned darts (quivered)
Press: ? - help, Shift-Dir - straight line, f - worm
Aim: a worm You throw a poisoned dart.
The poisoned dart hits the worm.
An iguana comes into view.
Throwing (i - inventory. (/) - cycle)
d - 5 poisoned darts (quivered)
Press: ? - help, Shift-Dir - straight line, f/p - worm
Aim: a worm You throw a poisoned dart.
The poisoned dart barely misses the worm.
The iguana hisses angrily.
You see here a worker ant corpse.
Throwing (i - inventory. (/) - cycle)
d - 4 poisoned darts (quivered)
Press: ? - help, Shift-Dir - straight line, f/p - worm
Aim: a worm You throw a poisoned dart.
The poisoned dart barely misses the worm.
Throwing (i - inventory. (/) - cycle)
d - 3 poisoned darts (quivered)
Press: ? - help, Shift-Dir - straight line, f/p - worm
Aim: a worm You throw a poisoned dart.
The poisoned dart hits the worm.
Throwing (i - inventory. (/) - cycle)
d - 2 poisoned darts (quivered)
Press: ? - help, Shift-Dir - straight line, f - iguana, p - worm
Aim: an iguana You throw a poisoned dart.
The poisoned dart hits the iguana.
Throwing (i - inventory. (/) - cycle)
d - a poisoned dart (quivered)
Press: ? - help, Shift-Dir - straight line, f/p - iguana
Aim: an iguana You throw a poisoned dart.
The poisoned dart barely misses the iguana.
The poisoned dart hits the worm.
Casting: Sandblast (safe; 2% risk of failure)
Confirm with . or Enter, or press ? or * to list all spells.
Aiming: Sandblast (safe; 2% risk of failure)
Press: ? - help, Shift-Dir - straight line, f/p - iguana
Aim: an iguana The blast of sand hits the iguana!
The iguana is heavily wounded.
b - 110 stones
Casting: Sandblast (safe; 2% risk of failure)
Confirm with . or Enter, or press ? or * to list all spells.
Aiming: Sandblast (safe; 2% risk of failure)
Press: ? - help, Shift-Dir - straight line, f/p - iguana
Aim: an iguana (heavily wounded)
The blast of sand hits the iguana but does no damage.
The iguana is heavily wounded.
b - 109 stones The iguana misses you.
Casting: Sandblast (safe; 2% risk of failure)
Confirm with . or Enter, or press ? or * to list all spells.
Aiming: Sandblast (safe; 2% risk of failure)
Press: ? - help, Shift-Dir - straight line, f/p - iguana
Aim: an iguana (heavily wounded)
The blast of sand hits the iguana.
The iguana is severely wounded.
b - 108 stones The iguana bites you!
* * * LOW HITPOINT WARNING * * *
Casting: Sandblast (safe; 2% risk of failure)
Confirm with . or Enter, or press ? or * to list all spells.
Aiming: Sandblast (safe; 2% risk of failure)
Press: ? - help, Shift-Dir - straight line, f/p - iguana
Aim: an iguana (severely wounded)
The blast of sand hits the iguana.
The iguana is almost dead.
b - 107 stones The iguana bites you!
You die...

#.......# #.......#
#....<.. #
##.....##
..##.......# ###
...........####
.... #.[........#
.....
#...>...#.###......
#.)..##..@lw.((((..
#
#.##.####..##(.....
... #.##.# ##.#
..(.. #...###..#.#
#..# ....
#........# ##.# ...
#####....# #.# ..
##...## #.# .
##...### #..## #
#.#...# #^.# ####.#


You could see a worm and an iguana.

Vanquished Creatures
  3 worker ants (D:4)
  2 adders
  An ufetubus (D:4)
  2 leopard geckos
  5 orcs
  4 giant cockroaches
  3 kobolds
  A quokka (D:3)
  2 ball pythons (D:3)
  2 bats (D:2)
  A frilled lizard (D:4)
  3 rats
29 creatures vanquished.

Notes
Turn   | Place    | Note
-------+----------+-------------------------------------------
     0 | D:1      | EnegeticOcto the Halfling Earth Elementalist began the
                  | quest for the Orb.
     0 | D:1      | Reached XP level 1. HP: 11/11 MP: 3/3
   123 | D:2      | Reached XP level 2. HP: 15/17 MP: 4/4
   196 | D:2      | Reached skill level 4 in Earth Magic
   196 | D:2      | Reached XP level 3. HP: 3/21 MP: 1/5
   231 | D:2      | Learned a level 2 spell: Passwall
   429 | D:4      | Reached XP level 4. HP: 13/27 MP: 1/6
   442 | D:4      | Found a staircase to the Ecumenical Temple.
   452 | Temple   | Entered the Ecumenical Temple
   459 | Temple   | Learned a level 1 spell: Apportation
   555 | Temple   | Became a worshipper of Xom of Chaos
   570 | D:4      | Reached skill level 5 in Earth Magic
   666 | D:4      | HP: 1/27 [worker ant (7)]
   673 | D:4      | Reached XP level 5. HP: 5/31 MP: 0/7
   734 | D:4      | Slain by an iguana

Illustrated notes

Levels and vault maps discovered:
D:1:      nzn_arrival_depleted_hourglass, layout_loops_ring
D:2:      layout_loops_ring, serial_aquarium, aquarium_bridge_square
          [aquarium_subvault_bridge, aquarium_subvault_wall,
          aquarium_subvault_bridge, aquarium_subvault_bridge],
          aquarium_window_corridor_3, aquarium_window_2, aquarium_window_fake,
          aquarium_window_fake, aquarium_view_2e, aquarium_balcony_1b,
          aquarium_pool_double, okawaru_gym_becter
D:3:      layout_loops_ring, grunt_dithmenos_smoke_and_mirrors
D:4:      layout_rooms, nicolae_overflow_hidden_temple,
          minmay_temple_entry_offerings
Temple:   nicolae_temple_figure_eight

Skill      XL: |  1  2  3  4 |
---------------+-------------+-----
Earth Magic    | 4 5 |  5.6
Dodging        | |  2.1
Stealth        | |  2.1
Spellcasting   | |  1.5
Transmutations | |  0.5

Action                   |  1- 3 |  4- 6 || total
-------------------------+-------+-------++-------
Melee: Unarmed           |     5 |       ||     5
 Fire: Hunting sling     |     1 |       ||     1
Throw: Dart              |    34 |    21 ||    55
 Cast: Sandblast         |    17 |    15 ||    32
  Use: Scroll            |     2 |       ||     2
       Potion            |       |     1 ||     1
Armor: Robe              |     5 |     1 ||     6
Dodge: Dodged            |    22 |    11 ||    33

Table legend: (Time is in decaauts)
 A = Elapsed time spent in this place.
 B = Non-inter-level travel time spent in this place.
 C = Inter-level travel time spent in this place.
 D = Time resting spent in this place.
 E = Time spent auto-exploring this place.
 F = Levels seen in this place.
 G = Mean time per level.
                   A        B        C        D        E       F      G
               +--------+--------+--------+--------+--------+-----+--------+
         Total |    734 |    720 |     14 |      0 |      0 |   5 |  146.8 |
       Dungeon |    618 |    604 |     14 |      0 |      0 |   4 |  154.5 |
        Temple |    115 |    115 |      0 |      0 |      0 |   1 |  115.0 |
               +--------+--------+--------+--------+--------+-----+--------+

Top non-repeatable levels by time:
     D:4: 224 daAuts
     D:2: 169 daAuts
     D:3: 124 daAuts
  Temple: 115 daAuts
     D:1: 101 daAuts
